 Dungeon Crawl Stone Soup version 0.29.1-2-gbd0b4ee654 (webtiles) character file.

Game seed: 16623934832626432140

61 zeram the Shield-Bearer (level 3, 0/29 (33) HPs)
             Began as a Minotaur Fighter on Nov 6, 2022.
             Slain by a goblin
             ... wielding a +0 club
             ... led by Robin
              (2 damage)
             ... on level 2 of the Dungeon.
             The game lasted 00:01:33 (1365 turns).

zeram the Shield-Bearer (Minotaur Fighter)          Turns: 1365, Time: 00:01:33

HP:   0/29 (33)     AC:  7    Str: 22    XL:     3   Next: 83%
MP:   2/2           EV:  6    Int:  5    God:
Gold: 50            SH:  4    Dex:  9    Spells: 2/2 levels left

rFire   . . .      SeeInvis .   a - +0 war axe (flame)
rCold   . . .      Faith    .   c - +0 buckler
rNeg    . . .      Spirit   .   b - +0 scale mail
rPois   .          Reflect  .   (helmet restricted)
rElec   .          Harm     .   (no cloak)
rCorr   .          Rampage  .   (no gloves)
Will    .....                   (no boots)
Stlth   ..........              (no amulet)
HPRegen 0.09/turn               (no ring)
MPRegen 0.08/turn               (no ring)

@: grasped by roots, attractive, constricted, heavily drained
A: horns 2, retaliatory headbutt
a: no special abilities


You were on level 2 of the Dungeon.
You visited 1 branch of the dungeon, and saw 2 of its levels.

You collected 50 gold pieces.

Inventory:

Hand Weapons
 a - a +0 war axe of flaming (weapon)
Armour
 b - a +0 scale mail (worn)
 c - a +0 buckler (worn)
Potions
 d - a potion of might
 i - a potion of curing {unknown}
 k - a potion of flight {unknown}
 l - a potion of attraction


   Skills:
 + Level 4.2 Fighting
 + Level 3.4 Axes
 + Level 4.2 Armour
 + Level 4.2 Shields


You had 2 spell levels left.
You didn't know any spells.
Your spell library contained the following spells:

 Spells                   Type           Power      Damage    Failure   Level
 Sting                    Tmut/Pois      0%         1d3       87%         1
 Poisonous Vapours        Pois/Air       0%         N/A       95%         2
 Olgreb's Toxic Radiance  Pois           0%         N/A       100%        4


Dungeon Overview and Level Annotations

Branches:
Dungeon (2/15)

Altars:

Annotations:
D:2 Robin


Innate Abilities, Weirdness & Mutations

You have a pair of horns on your head.
You reflexively headbutt those who attack you in melee.


Message History

You block the hobgoblin's attack. You block the goblin's attack.
The hobgoblin misses you.
Robin hits you with a +4 dagger of draining.
You feel drained.
You are too injured to fight recklessly!
Unknown command.
You are too injured to fight recklessly!
Unknown command.
You are too injured to fight recklessly!
Unknown command.
You are too injured to fight recklessly!
Unknown command.
You are too injured to fight recklessly!
You hit the goblin but do no damage. You hit Robin. You burn Robin.
You hit the hobgoblin. You burn the hobgoblin.
You kill the hobgoblin!
You slash the hobgoblin! You burn the hobgoblin.
You kill the hobgoblin!
You block the goblin's attack.
Robin zaps a wand.
The roots erupt in riotous growth!
The grasping roots grab you!
Robin is unaffected.
The goblin is unaffected.
The grasping roots constrict you. Robin hits you but does no damage.
You feel drained. The grasping roots constrict you.
* * * LOW HITPOINT WARNING * * *
The goblin hits you but does no damage.
It was a potion of attraction.
You feel attractive to monsters.
Robin says, "Kneel, worm!"
Robin hits you with a +4 dagger of draining.
* * * LOW HITPOINT WARNING * * *
You feel drained.
* * * LOW HITPOINT WARNING * * *
The grasping roots constrict you.
* * * LOW HITPOINT WARNING * * *
The goblin hits you but does no damage.
The giant cockroach is attracted toward you.
It was a potion of magic.
Magic courses through your body. The goblin hits you with a +0 club.
You die...

#.#.#.# ##########
....... ..........
....^.. ..........
#..<... .#####.##
.....=. #....
#......#############..##
#.#...g#g...............
.....§B@).............##
#.#...)######.........##
....... ......(.......
....... ###..........#
....... #.......####
<.#...# #.......#### .
#>.. #........... ####
#...........
#.###...........


You could see Robin, a giant cockroach and a goblin (strong).

Vanquished Creatures
  2 adders (D:2)
  2 worms (D:2)
  A dart slug (D:2)
  A bat (D:1)
  2 endoplasms
  7 goblins
  8 hobgoblins
  2 quokkas
  2 ball pythons
  A frilled lizard (D:1)
  3 kobolds
  A rat (D:2)
32 creatures vanquished.

Notes
Turn   | Place    | Note
-------+----------+-------------------------------------------
     0 | D:1      | zeram the Minotaur Fighter began the quest for the Orb.
     0 | D:1      | Reached XP level 1. HP: 19/19 MP: 0/0
   544 | D:1      | Reached XP level 2. HP: 23/27 MP: 1/1
   971 | D:2      | Reached XP level 3. HP: 21/33 MP: 2/2
  1354 | D:2      | Noticed Robin
  1365 | D:2      | Slain by a goblin

Illustrated notes

Levels and vault maps discovered:
D:1:      heliophobic_arrival_henge, layout_basic
D:2:      layout_basic, uniq_crazy_yiuf_cottage, uniq_robin

Skill      XL: |  1  2 |
---------------+-------+-----
Fighting       | 4 |  4.2
Shields        | 4 |  4.2
Axes           | 3 |  3.4
Armour         | 4 |  4.2

Action                   || total
-------------------------++-------
Melee: War axe           ||    53
       Headbutt          ||     5
  Use: Scroll            ||     4
       Potion            ||     2
Armor: Scale mail        ||    34
Dodge: Dodged            ||    25
Block: Buckler           ||    15
